[Event "December 5 Late 2023"]
[Site "https://www.chess.com"]
[Date "2023.12.05"]
[Round "9"]
[White "youngdinousaur"]
[Black "Hajiyev, Kanan"]
[Result "0-1"]
[Board "88"]
[TimeControl "180+1"]
[BlackFideId "13404148"]
[WhiteElo "2327"]
[BlackElo "2510"]
[BlackTeam "AZE"]
[WhiteClock "0:00:00"]
[BlackClock "0:00:07"]

1. d4 d5 2. Nf3 c6 3. Bf4 Nf6 4. e3 Bf5 5. c4 e6 6. Qb3 Qb6 7. c5 Qxb3 8. axb3 Nbd7 9. b4 a6 10. Nc3 Rc8 11. h3 Ne4 12. Nxe4 dxe4 13. Nd2 Nf6 14. Nb3 Nd5 15. Bh2 Nxb4 16. Kd2 Rd8 17. Kc3 Nd5+ 18. Kc2 Be7 19. Na5 Rd7 20. Be2 O-O 21. Rhb1 Bh4 22. g3 Bd8 23. g4 Bg6 24. b4 Bh4 25. Bg1 f5 26. Bxa6 bxa6 27. Nxc6 fxg4 28. Ne5 Rb7 29. Nxg4 Nxb4+ 30. Kd2 Rfb8 31. Ne5 Nd5 32. Rxb7 Rxb7 33. Rxa6 Nc7 34. Rd6 Be8 35. Rb6 Ra7 36. Rb8 Kf8 37. Rc8 Nd5 38. Bh2 Bxf2 39. Bf4 Nxf4 40. exf4 Bxd4 41. c6 e3+ 42. Kd3 Bxe5 43. fxe5 Ra3+ 44. Ke2 Rc3 45. c7 Ke7 46. Kf3 Bh5+ 47. Kg2 e2 48. Kf2 Kd7 49. Rg8 Kxc7 50. Rxg7+ Kc6 51. Rxh7 Rc1 0-1

[Event "December 5 Late 2023"]
[Site "https://www.chess.com"]
[Date "2023.12.05"]
[Round "9"]
[White "Reprintsev, Alexander"]
[Black "Kappeler, Kaspar"]
[Result "1-0"]
[Board "89"]
[TimeControl "180+1"]
[WhiteFideId "14100541"]
[BlackFideId "1309072"]
[WhiteElo "2478"]
[BlackElo "2323"]
[WhiteTeam "UKR"]
[BlackTeam "SUI"]
[WhiteClock "0:01:15"]
[BlackClock "0:01:13"]

1. e4 c5 2. b3 e6 3. Nf3 a6 4. Bb2 Nc6 5. c4 Qc7 6. d4 cxd4 7. Nxd4 Qe5 8. Be2 Bb4+ 9. Kf1 Qxe4 10. Nxc6 Nf6 11. Nxb4 O-O 12. Bf3 Qg6 13. Nd3 d6 14. Nf4 Qf5 15. Qd2 Bd7 16. Nc3 Rad8 17. Re1 b5 18. g4 Qg5 19. h4 Qc5 20. g5 Ne8 21. Ne4 Qb6 22. Qd4 Qxd4 23. Bxd4 e5 24. Bb6 Rb8 25. Nd5 Be6 26. Be3 bxc4 27. bxc4 Bxd5 28. cxd5 1-0

[Event "December 5 Late 2023"]
[Site "https://www.chess.com"]
[Date "2023.12.05"]
[Round "9"]
[White "Buenafe Moya, Javier"]
[Black "Rios Escobar, Adan"]
[Result "1-0"]
[Board "90"]
[TimeControl "180+1"]
[WhiteFideId "2206412"]
[BlackFideId "3403645"]
[WhiteElo "2364"]
[BlackElo "2439"]
[WhiteTeam "ESP"]
[BlackTeam "CHI"]
[WhiteClock "0:00:41"]
[BlackClock "0:00:00"]

1. c4 Nf6 2. Nc3 g6 3. g3 Bg7 4. Bg2 c5 5. Nh3 O-O 6. O-O Nc6 7. Nf4 d6 8. Rb1 Bf5 9. d3 Rb8 10. a3 Ne8 11. Bd2 Qd7 12. b4 b6 13. bxc5 dxc5 14. Qa4 Nd4 15. Qxd7 Bxd7 16. Nfd5 e6 17. Ne7+ Kh8 18. e3 Nf5 19. Nxf5 gxf5 20. Rfd1 Nd6 21. Be1 Rfd8 22. h4 Be8 23. Nb5 Bxb5 24. cxb5 c4 25. a4 cxd3 26. Rxd3 Ne4 27. Rbd1 Rxd3 28. Rxd3 Nc5 29. Ra3 Bf8 30. Bb4 Rd8 31. a5 Rd1+ 32. Kh2 Kg8 33. Rc3 h5 34. a6 Kh7 35. Bxc5 Bxc5 36. Rxc5 bxc5 37. b6 axb6 38. a7 Ra1 39. a8=Q Rxa8 40. Bxa8 c4 41. Bc6 c3 42. Ba4 b5 43. Bc2 b4 44. Kg2 Kg7 45. Kf3 Kf6 46. Ke2 Ke5 47. Kd3 Kd5 48. Bb3+ Kc5 49. e4 fxe4+ 50. Kxe4 f6 51. g4 1-0

[Event "December 5 Late 2023"]
[Site "https://www.chess.com"]
[Date "2023.12.05"]
[Round "9"]
[White "Rose, Felix"]
[Black "Skaric, Djuro"]
[Result "0-1"]
[Board "91"]
[TimeControl "180+1"]
[WhiteFideId "5105722"]
[BlackFideId "934569"]
[WhiteElo "2310"]
[BlackElo "2398"]
[WhiteTeam "MEX"]
[BlackTeam "SRB"]
[WhiteClock "0:00:00"]
[BlackClock "0:01:34"]

1. e4 d6 2. d4 g6 3. Nc3 Bg7 4. Nf3 Nf6 5. h3 O-O 6. Be3 Nc6 7. Be2 e5 8. O-O Nd7 9. Qd2 f5 10. exf5 gxf5 11. dxe5 dxe5 12. Bh6 e4 13. Bc4+ Kh8 14. Bxg7+ Kxg7 15. Nd4 Nde5 16. Bd5 Qf6 17. Bxc6 bxc6 18. Rad1 Kh8 19. f4 Ng6 20. Na4 Ba6 21. Rfe1 Rad8 22. Nc5 Bc8 23. c3 Qd6 24. b4 Nxf4 25. Qb2 Rg8 26. Rd2 Nxh3+ 27. Kh1 Qg3 28. Rf1 e3 29. Re2 Nf2+ 30. Rfxf2 exf2 31. Rxf2 Qe5 32. c4 Rxd4 0-1

[Event "December 5 Late 2023"]
[Site "https://www.chess.com"]
[Date "2023.12.05"]
[Round "9"]
[White "Weisz, Bryan"]
[Black "Khokhlova, Daria"]
[Result "1-0"]
[Board "92"]
[TimeControl "180+1"]
[WhiteFideId "30934133"]
[BlackFideId "24182729"]
[WhiteElo "2294"]
[BlackElo "2392"]
[WhiteTeam "USA"]
[BlackTeam "FID"]
[WhiteClock "0:00:08"]
[BlackClock "0:00:00"]

1. d4 Nf6 2. Bf4 c5 3. dxc5 Qa5+ 4. Nc3 Qxc5 5. e4 d6 6. Qd2 g6 7. O-O-O Bg7 8. e5 Ng4 9. exd6 Bxc3 10. bxc3 O-O 11. dxe7 Re8 12. Qd8 Qxe7 13. Qxe7 Rxe7 14. Rd8+ Kg7 15. Nf3 Nc6 16. Rd2 Be6 17. Bb5 Bxa2 18. c4 Na5 19. Bd6 Re4 20. Ng5 Rxc4 21. Bxc4 Bxc4 22. h3 Nh6 23. g4 Nc6 24. Re1 f6 25. Ne6+ Kf7 26. Nc5 b6 27. Nb3 a5 28. Nd4 Nxd4 29. Re7+ Kg8 30. Rxd4 Bf7 31. Bc7 b5 32. Rdd7 a4 33. Kb2 a3+ 34. Ka1 a2 35. h4 Re8 36. g5 Rxe7 37. Rxe7 fxg5 38. hxg5 Nf5 39. Re4 1-0

[Event "December 5 Late 2023"]
[Site "https://www.chess.com"]
[Date "2023.12.05"]
[Round "9"]
[White "Shapiro, Daniel"]
[Black "JERO-8914"]
[Result "1-0"]
[Board "93"]
[TimeControl "180+1"]
[WhiteFideId "2001780"]
[WhiteElo "2294"]
[BlackElo "2385"]
[WhiteTeam "USA"]
[WhiteClock "0:02:12"]
[BlackClock "0:02:37"]

1. d4 d6 2. e4 Nf6 3. Nc3 Nbd7 4. h3 e5 5. Nge2 Be7 6. Be3 O-O 7. g4 c6 8. a4 b6 9. Bg2 a6 10. O-O b5 11. axb5 Nb6 12. bxc6 d5 13. dxe5 Nxe4 14. Nxe4 dxe4 15. Qxd8 Rxd8 16. Bxb6 1-0

[Event "December 5 Late 2023"]
[Site "https://www.chess.com"]
[Date "2023.12.05"]
[Round "9"]
[White "Marcziter, Dmitrii"]
[Black "Chlpik, Martin"]
[Result "1-0"]
[Board "94"]
[TimeControl "180+1"]
[WhiteFideId "13900765"]
[BlackFideId "14923351"]
[WhiteElo "2383"]
[BlackElo "2267"]
[WhiteTeam "GER"]
[BlackTeam "SVK"]
[WhiteClock "0:00:56"]
[BlackClock "0:00:19"]

1. d4 Nf6 2. c4 c5 3. d5 e6 4. Nc3 exd5 5. cxd5 d6 6. Nf3 g6 7. Nd2 Bg7 8. Nc4 O-O 9. Bf4 Nh5 10. Bxd6 b5 11. Bxf8 Qxf8 12. Nxb5 Ba6 13. a4 Nd7 14. e3 Rd8 15. Be2 Nhf6 16. O-O Nb6 17. Nxb6 axb6 18. Bc4 Ne4 19. Qc2 f5 20. Rad1 Bxb5 21. Bxb5 Nd6 22. Bc6 Qe7 23. b3 Qh4 24. g3 Qh3 25. Qe2 Qh6 26. Qf3 g5 27. Rc1 Be5 28. a5 bxa5 29. Rxc5 g4 30. Qg2 Nf7 31. d6 Qxd6 32. Rxa5 Qb4 33. Rd5 Rf8 34. Rb5 Qd2 35. Bd5 Kh8 36. Bxf7 Rxf7 37. Rxe5 1-0

[Event "December 5 Late 2023"]
[Site "https://www.chess.com"]
[Date "2023.12.05"]
[Round "9"]
[White "Mickiewicz, Piotr"]
[Black "De Souza, Cristiano Gomes"]
[Result "1-0"]
[Board "95"]
[TimeControl "180+1"]
[WhiteFideId "1114891"]
[BlackFideId "2151758"]
[WhiteElo "2383"]
[BlackElo "2233"]
[WhiteTeam "POL"]
[BlackTeam "BRA"]
[WhiteClock "0:00:42"]
[BlackClock "0:00:03"]

1. g3 Nf6 2. Bg2 g6 3. c4 Bg7 4. Nc3 d6 5. d4 O-O 6. e4 Nc6 7. Nge2 e5 8. d5 Ne7 9. f3 Bd7 10. Be3 a6 11. a4 Qc8 12. a5 Bh3 13. O-O Bxg2 14. Kxg2 Ne8 15. b4 f5 16. c5 h6 17. Qd3 Qd7 18. b5 axb5 19. Qxb5 Qxb5 20. Nxb5 g5 21. cxd6 cxd6 22. Rfc1 fxe4 23. fxe4 Rd8 24. Rc4 Rd7 25. Nec3 Nf6 26. h3 Rc8 27. Rxc8+ Nxc8 28. Ra4 Ne7 29. Rc4 Kh7 30. Na4 Ne8 31. Nb6 Rd8 32. Nc7 Nf6 33. Ne6 Rg8 34. g4 Ng6 35. Kf3 Nf4 36. Rc7 Kg6 37. Bxf4 exf4 38. Rxb7 h5 39. Rxg7+ Rxg7 40. Nxg7 Kxg7 41. a6 hxg4+ 42. hxg4 Ne8 43. a7 Nc7 44. a8=Q Nxa8 45. Nxa8 Kf6 46. Nc7 Ke5 47. Ne8 1-0

[Event "December 5 Late 2023"]
[Site "https://www.chess.com"]
[Date "2023.12.05"]
[Round "9"]
[White "Clawitter, Craig"]
[Black "Pein, Jonathan"]
[Result "0-1"]
[Board "96"]
[TimeControl "180+1"]
[WhiteFideId "2023105"]
[BlackFideId "417092"]
[WhiteElo "2225"]
[BlackElo "2377"]
[WhiteTeam "USA"]
[BlackTeam "ENG"]
[WhiteClock "0:01:30"]
[BlackClock "0:01:32"]

1. e4 e5 2. Nf3 d6 3. d4 exd4 4. Nxd4 Nf6 5. Nc3 g6 6. Be3 Bg7 7. f3 O-O 8. Qd2 d5 9. O-O-O c5 10. Ndb5 d4 11. Qe1 Qa5 12. Nxd4 cxd4 13. Bxd4 Nc6 14. Bxf6 Bxf6 15. Nd5 Bg7 16. Ne7+ Kh8 17. Nxc6 Qxa2 18. c3 bxc6 19. h4 Be6 20. h5 Bh6+ 0-1

[Event "December 5 Late 2023"]
[Site "https://www.chess.com"]
[Date "2023.12.05"]
[Round "9"]
[White "Curtis, John"]
[Black "Al-Saffar, Araz Basim Mohammed S"]
[Result "0-1"]
[Board "97"]
[TimeControl "180+1"]
[WhiteFideId "3200256"]
[BlackFideId "4801040"]
[WhiteElo "2224"]
[BlackElo "2376"]
[WhiteTeam "AUS"]
[BlackTeam "IRQ"]
[WhiteClock "0:00:04"]
[BlackClock "0:01:27"]

1. c4 Nf6 2. b3 e5 3. Bb2 Nc6 4. Nf3 e4 5. Nd4 Bc5 6. e3 Bxd4 7. exd4 d5 8. c5 O-O 9. a3 Ng4 10. h3 Nh6 11. b4 Nf5 12. b5 Ncxd4 13. Be2 Qg5 14. g4 Nxe2 15. Qxe2 Nh4 16. d4 exd3 17. Qxd3 Re8+ 18. Kf1 Bf5 19. Qd4 Be4 20. Rg1 Nf3 21. Qc3 d4 22. Qc1 Nh2+ 23. Ke1 Bc2+ 0-1

[Event "December 5 Late 2023"]
[Site "https://www.chess.com"]
[Date "2023.12.05"]
[Round "9"]
[White "Vanek, Tomas"]
[Black "Akhayan, Ruben"]
[Result "1-0"]
[Board "98"]
[TimeControl "180+1"]
[WhiteFideId "313459"]
[BlackFideId "204439"]
[WhiteElo "2187"]
[BlackElo "2373"]
[WhiteTeam "CZE"]
[BlackTeam "BEL"]
[WhiteClock "0:00:35"]
[BlackClock "0:00:09"]

1. e4 e5 2. Nf3 Nc6 3. Bb5 a6 4. Ba4 Nf6 5. O-O Be7 6. Re1 b5 7. Bb3 O-O 8. c3 d5 9. d3 dxe4 10. dxe4 Qxd1 11. Bxd1 Nd7 12. Bc2 f6 13. a4 Bb7 14. Be3 Rfd8 15. Bb3+ Kf8 16. axb5 axb5 17. Rxa8 Bxa8 18. Rd1 Na5 19. Be6 Nb6 20. Rxd8+ Bxd8 21. Bxb6 cxb6 22. Bd5 Bxd5 23. exd5 Ke7 24. Nbd2 Kd6 25. Kf1 Kxd5 26. Ke2 Nc4 27. b3 Nxd2 28. Nxd2 f5 29. f3 Bg5 30. Nb1 Be7 31. Ke3 g6 32. g3 Bc5+ 33. Ke2 Bg1 34. h3 h5 35. Na3 Kc5 36. b4+ Kc6 37. Nc2 g5 38. Kf1 Bc5 39. bxc5 Kxc5 40. Ke2 Kc4 41. Kd2 f4 42. g4 hxg4 43. hxg4 e4 44. fxe4 f3 45. Ne3+ Kc5 46. e5 f2 47. Ke2 1-0

[Event "December 5 Late 2023"]
[Site "https://www.chess.com"]
[Date "2023.12.05"]
[Round "9"]
[White "Jesusesmifuerza"]
[Black "Figorito, Nick"]
[Result "0-1"]
[Board "99"]
[TimeControl "180+1"]
[BlackFideId "30923689"]
[WhiteElo "2148"]
[BlackElo "2369"]
[BlackTeam "USA"]
[WhiteClock "0:00:00"]
[BlackClock "0:00:04"]

1. e4 e6 2. d3 d5 3. exd5 exd5 4. d4 Bd6 5. Nf3 Ne7 6. Be2 O-O 7. O-O Bf5 8. c4 dxc4 9. Bxc4 c6 10. h3 Nd7 11. Re1 Nb6 12. Bb3 Nbd5 13. Nc3 Re8 14. Nxd5 Nxd5 15. Bxd5 cxd5 16. Bd2 Be4 17. Qb3 Qf6 18. Ng5 Qxd4 19. Nxe4 dxe4 20. Bc3 Qb6 21. Qd5 Rad8 22. Qg5 Bf8 23. Rad1 Rxd1 24. Rxd1 Qg6 25. Qb5 Qc6 26. Qxc6 bxc6 27. Rd7 Bc5 28. Rc7 e3 29. fxe3 Bxe3+ 30. Kf1 h6 31. Rxc6 Bb6 32. Rd6 Re4 33. Rd3 Kh7 34. Rg3 Bd4 35. Bxd4 Rxd4 36. Re3 Rd2 37. Re2 Rxe2 38. Kxe2 Kg6 39. Kd3 Kf5 40. Ke3 Ke5 41. g3 f5 42. a3 g5 43. b3 Kd5 44. Kd3 Kc5 45. h4 Kd5 46. b4 Kc6 47. Kd4 Kb5 48. hxg5 hxg5 49. Ke5 f4 50. gxf4 gxf4 0-1

[Event "December 5 Late 2023"]
[Site "https://www.chess.com"]
[Date "2023.12.05"]
[Round "9"]
[White "Ghosh, Chanchal Kumer"]
[Black "Mesa Cruz, Juan Carlos"]
[Result "0-1"]
[Board "100"]
[TimeControl "180+1"]
[WhiteFideId "10201858"]
[BlackFideId "6423400"]
[WhiteElo "2111"]
[BlackElo "2369"]
[WhiteTeam "BAN"]
[BlackTeam "DOM"]
[WhiteClock "0:00:21"]
[BlackClock "0:00:05"]

1. e4 c5 2. Nf3 d6 3. d4 cxd4 4. Nxd4 Nf6 5. Nc3 a6 6. Be2 e5 7. Nb3 Be7 8. Be3 Be6 9. O-O Nbd7 10. f4 Qc7 11. f5 Bc4 12. a4 O-O 13. a5 Rfd8 14. Qe1 Qc6 15. Nd2 Bxe2 16. Qxe2 d5 17. exd5 Nxd5 18. Nxd5 Qxd5 19. Nc4 Qe4 20. Rad1 Rac8 21. b3 Nf6 22. Nb6 Rxc2 23. Rxd8+ Bxd8 24. Qf3 Qxf3 25. Rxf3 Rc3 26. b4 Bxb6 27. Bxb6 Rxf3 28. gxf3 Nd5 29. Bc5 f6 30. Kf2 Kf7 31. Ke2 Ne7 32. Kd3 Nxf5 33. Ke4 Ke6 34. f4 Nd6+ 35. Ke3 exf4+ 36. Kxf4 h5 37. h4 Nf7 38. Bf8 g5+ 39. hxg5 fxg5+ 40. Ke4 Nd6+ 41. Kd4 h4 42. Kc5 Nb5 43. Kb6 h3 44. Bd6 Kxd6 45. Kxb7 h2 46. Kxa6 h1=Q 47. Kxb5 Qc6# 0-1

[Event "December 5 Late 2023"]
[Site "https://www.chess.com"]
[Date "2023.12.05"]
[Round "9"]
[White "Dmitriev, Sergey"]
[Black "Su, Dion"]
[Result "0-1"]
[Board "101"]
[TimeControl "180+1"]
[WhiteFideId "14101785"]
[BlackFideId "2029731"]
[WhiteElo "2009"]
[BlackElo "2365"]
[WhiteTeam "UKR"]
[BlackTeam "USA"]
[WhiteClock "0:01:24"]
[BlackClock "0:02:13"]

1. e4 e6 2. Nf3 c5 3. d4 cxd4 4. Nxd4 a6 5. Nc3 Qc7 6. Bd3 Nf6 7. O-O Nc6 8. Be3 Bd6 9. Nxc6 bxc6 10. f4 e5 11. f5 Rb8 12. Rb1 Be7 13. g4 h5 14. g5 Ng4 15. Qf3 Nxe3 16. Qxe3 Qa5 17. f6 Bc5 18. fxg7 Bxe3+ 0-1

[Event "December 5 Late 2023"]
[Site "https://www.chess.com"]
[Date "2023.12.05"]
[Round "9"]
[White "Dilmukhametov, Artur"]
[Black "Skibbe, Willi"]
[Result "0-1"]
[Board "102"]
[TimeControl "180+1"]
[WhiteFideId "24179922"]
[BlackFideId "4682190"]
[WhiteElo "2453"]
[BlackElo "2312"]
[WhiteTeam "RUS"]
[BlackTeam "GER"]
[WhiteClock "0:00:00"]
[BlackClock "0:00:55"]

1. e4 Nc6 2. Nf3 f5 3. e5 d5 4. d4 Be6 5. Bd3 g6 6. c3 Bf7 7. Ng5 e6 8. Nxf7 Kxf7 9. O-O Bh6 10. Nd2 Bxd2 11. Bxd2 h6 12. Qb3 Rb8 13. Be3 g5 14. Qc2 Nce7 15. c4 c6 16. Rac1 dxc4 17. Qxc4 Nd5 18. Rfd1 Nge7 19. a4 Qb6 20. b3 Qb4 21. Qc2 Qb6 22. Bc4 a5 23. Bd2 Nb4 24. Bxb4 Qxb4 25. Qc3 Qxc3 26. Rxc3 Rhd8 27. Kf1 Rd7 28. Be2 Rbd8 29. Rcd3 Nd5 30. g3 Nb4 31. R3d2 b6 32. Bf3 c5 33. Ke2 Rxd4 0-1

[Event "December 5 Late 2023"]
[Site "https://www.chess.com"]
[Date "2023.12.05"]
[Round "9"]
[White "Melikhov, Evgeny V."]
[Black "Mangialardo, Tiago Carvalho"]
[Result "1-0"]
[Board "103"]
[TimeControl "180+1"]
[WhiteFideId "4122046"]
[BlackFideId "2130718"]
[WhiteElo "2362"]
[BlackElo "2116"]
[WhiteTeam "GRE"]
[BlackTeam "BRA"]
[WhiteClock "0:01:10"]
[BlackClock "0:00:01"]

1. d4 Nf6 2. c4 c5 3. d5 g6 4. Nc3 Bg7 5. e4 d6 6. h3 O-O 7. Nf3 e6 8. Bd3 exd5 9. cxd5 b5 10. Nxb5 Nxe4 11. Bxe4 Qa5+ 12. Nc3 Bxc3+ 13. bxc3 Re8 14. Ng5 h6 15. Ne6 Ba6 16. Bd2 Nd7 17. c4 Qa3 18. O-O Bxc4 19. Re1 Nf6 20. Nc7 Rac8 21. Nxe8 Rxe8 22. Bf3 Rxe1+ 23. Qxe1 Nxd5 24. Bxh6 Kh7 25. Bg5 f6 26. Bxd5 fxg5 27. Bxc4 1-0

[Event "December 5 Late 2023"]
[Site "https://www.chess.com"]
[Date "2023.12.05"]
[Round "9"]
[White "Mohammad, Fahim"]
[Black "Jing, Andrew"]
[Result "0-1"]
[Board "104"]
[TimeControl "180+1"]
[WhiteFideId "10206248"]
[BlackFideId "30984076"]
[WhiteElo "2306"]
[BlackElo "2211"]
[WhiteTeam "FRA"]
[BlackTeam "USA"]
[WhiteClock "0:00:05"]
[BlackClock "0:01:14"]

1. d4 Nf6 2. Nf3 g6 3. c4 Bg7 4. Nc3 O-O 5. e4 d6 6. Be2 e5 7. Be3 Ng4 8. Bg5 f6 9. Bh4 Nc6 10. d5 Ne7 11. b4 g5 12. Bg3 a5 13. a3 Nh6 14. O-O Ng6 15. c5 f5 16. exf5 Nxf5 17. Nd2 Nd4 18. Nde4 h6 19. Bg4 Bf5 20. Bxf5 Nxf5 21. Rc1 Nd4 22. Re1 Nf4 23. Qg4 axb4 24. axb4 Ra3 25. h4 Bf6 26. hxg5 hxg5 27. Bxf4 exf4 28. cxd6 cxd6 29. Nxf6+ Qxf6 30. Ne4 Qf5 31. Qh5 f3 32. Rc7 Ne2+ 33. Rxe2 fxe2 34. Qxe2 Ra1+ 35. Kh2 Rf7 36. Rxf7 Qxf7 37. Qg4 Qf4+ 38. Qxf4 gxf4 39. Nxd6 Rd1 40. Nxb7 Rxd5 41. Nc5 Rd4 42. Ne6 Rxb4 43. Kh3 Kf7 44. Ng5+ Kg6 45. Kg4 f3+ 46. Kxf3 Kxg5 0-1

[Event "December 5 Late 2023"]
[Site "https://www.chess.com"]
[Date "2023.12.05"]
[Round "9"]
[White "Panuganti, Kireet"]
[Black "Korol, Dimitry"]
[Result "1/2-1/2"]
[Board "105"]
[TimeControl "180+1"]
[WhiteFideId "30903297"]
[BlackFideId "14108003"]
[WhiteElo "2041"]
[BlackElo "2292"]
[WhiteTeam "USA"]
[BlackTeam "UKR"]
[WhiteClock "0:00:03"]
[BlackClock "0:00:36"]

1. e4 c5 2. Nf3 d6 3. d4 cxd4 4. Nxd4 Nf6 5. Nc3 g6 6. Be3 Bg7 7. f3 O-O 8. Qd2 Nc6 9. Bc4 Bd7 10. O-O-O Qa5 11. Nb3 Qb4 12. Be2 Na5 13. Nxa5 Qxa5 14. Kb1 Rfc8 15. g4 Be6 16. Nd5 Qxd2 17. Rxd2 Nxd5 18. exd5 Bd7 19. h4 b5 20. h5 a5 21. h6 Bh8 22. Re1 Kf8 23. Bd1 Rc7 24. c3 b4 25. cxb4 axb4 26. Bb3 Ba4 27. Bxa4 Rxa4 28. b3 Ra8 29. Bd4 Bf6 30. Bxf6 exf6 31. Rd4 Rc3 32. Rxb4 Rxf3 33. Rb7 Rf2 34. Ree7 Raxa2 35. Rxf7+ Ke8 36. Rfe7+ Kd8 37. Red7+ Kc8 38. Rdc7+ Kd8 39. Rd7+ Kc8 40. Rdc7+ Kd8 41. Rd7+ 1/2-1/2

[Event "December 5 Late 2023"]
[Site "https://www.chess.com"]
[Date "2023.12.05"]
[Round "9"]
[White "Travadon, Loic"]
[Black "Cooper, Aaron"]
[Result "0-1"]
[Board "106"]
[TimeControl "180+1"]
[WhiteFideId "26092131"]
[BlackFideId "2634945"]
[WhiteElo "2160"]
[BlackElo "2300"]
[WhiteTeam "FRA"]
[BlackTeam "CAN"]
[WhiteClock "0:00:00"]
[BlackClock "0:00:35"]

1. e4 d5 2. exd5 Qxd5 3. d4 e5 4. dxe5 Qxd1+ 5. Kxd1 Nc6 6. Bb5 Bd7 7. Bxc6 Bxc6 8. Nf3 O-O-O+ 9. Ke1 Re8 10. Bf4 Ne7 11. Nc3 Ng6 12. Bg3 f6 13. Ke2 Nxe5 14. Nxe5 fxe5 15. f3 Bc5 16. Rhe1 Bd4 17. Rab1 Bxc3 18. bxc3 e4 19. Kf2 exf3 20. gxf3 Rhf8 21. Rxe8+ Rxe8 22. Re1 Rf8 23. Re3 g5 24. Be5 h5 25. Kg3 b6 26. h4 gxh4+ 27. Kxh4 Rxf3 28. Re1 Rf2 29. Kxh5 Rxc2 30. Bf4 Rxc3 31. Re7 Kd8 32. Rg7 Bf3+ 33. Kg5 a5 34. Kf5 Rc5+ 35. Ke6 Bd5+ 36. Kf6 Bxa2 37. Rg8+ Bxg8 0-1

[Event "December 5 Late 2023"]
[Site "https://www.chess.com"]
[Date "2023.12.05"]
[Round "9"]
[White "Biliy, Vadim"]
[Black "Martine, Jean-Christophe"]
[Result "1-0"]
[Board "107"]
[TimeControl "180+1"]
[WhiteFideId "14114127"]
[BlackFideId "603651"]
[WhiteElo "2286"]
[BlackElo "2174"]
[WhiteTeam "UKR"]
[BlackTeam "FRA"]
[WhiteClock "0:00:02"]
[BlackClock "0:00:30"]

1. d4 d6 2. Nf3 Nf6 3. e3 Nbd7 4. Nc3 e5 5. dxe5 dxe5 6. e4 Bc5 7. Bc4 O-O 8. O-O c6 9. Bg5 b5 10. Bb3 a5 11. a3 Qe7 12. Nh4 Nb6 13. Qf3 h6 14. Bxf6 Qxf6 15. Qxf6 gxf6 16. Ne2 Be6 17. Ng3 Bxb3 18. cxb3 Bd4 19. Rab1 c5 20. Nhf5 Kh7 21. h4 Rfd8 22. h5 Nc8 23. Rfc1 Nd6 24. Nxd6 Rxd6 25. Nf5 Rd7 26. Kf1 Rad8 27. Ke2 Rc8 28. Rc2 c4 29. Rbc1 Rc6 30. bxc4 b4 31. axb4 axb4 32. b3 Ra7 33. Nxd4 exd4 34. Rd1 Ra3 35. Rxd4 Rxb3 36. c5 Rb1 37. Rd6 b3 38. Rc3 Rc8 39. Rb6 b2 40. Rc2 Kg7 41. g4 Kf8 42. Kf3 Ke7 43. c6 Rc7 44. Rb7 Kd6 45. Rbxb2 Rxb2 46. Rxb2 Rxc6 47. Rb7 Ke6 48. Kf4 Rc2 49. f3 Rc8 50. Ra7 Rg8 51. Ra6+ Ke7 52. Ra7+ Ke6 53. Ra6+ Ke7 54. Ra4 Rc8 55. Ra7+ Kf8 56. Kf5 Kg7 57. Ra6 Rc5+ 58. Kf4 Rb5 59. Rc6 Ra5 60. Rc8 Ra6 61. Re8 Ra5 62. e5 fxe5+ 63. Rxe5 Ra4+ 64. Kf5 Ra3 65. f4 Ra6 66. Rc5 Ra4 67. g5 hxg5 68. fxg5 Ra1 69. h6+ Kh7 70. Kf6 Rf1+ 71. Rf5 Ra1 72. Kxf7 Ra7+ 73. Kf6 Ra6+ 74. Ke5 Ra5+ 75. Kf4 Ra4+ 76. Kf3 Ra3+ 77. Kg4 Ra4+ 78. Kh5 Ra1 79. g6+ Kg8 80. h7+ Kg7 81. Rf7+ Kh8 82. Rf8+ Kg7 83. h8=Q# 1-0

[Event "December 5 Late 2023"]
[Site "https://www.chess.com"]
[Date "2023.12.05"]
[Round "9"]
[White "Petersson, Kjell"]
[Black "Kujawski, Adam"]
[Result "0-1"]
[Board "108"]
[TimeControl "180+1"]
[WhiteFideId "1705148"]
[BlackFideId "1100920"]
[WhiteElo "2166"]
[BlackElo "2275"]
[WhiteTeam "SWE"]
[BlackTeam "POL"]
[WhiteClock "0:00:17"]
[BlackClock "0:00:22"]

1. d4 d5 2. Bf4 c5 3. e3 Nc6 4. c3 Nf6 5. Nd2 Qb6 6. Qb3 c4 7. Qc2 g6 8. e4 Nxe4 9. Nxe4 dxe4 10. Bxc4 Bf5 11. Be3 Qc7 12. Qb3 e6 13. d5 exd5 14. Bxd5 O-O-O 15. c4 Bb4+ 16. Kf1 Bd6 17. Ne2 h5 18. Bxc6 Qxc6 19. Bxa7 Bc5 20. Bxc5 Qxc5 21. Qc3 Rhe8 22. b4 Qc7 23. Ng3 Rd3 24. Qc2 Red8 25. Nxf5 gxf5 26. g3 e3 27. fxe3 Qc6 28. Rg1 Qf3+ 29. Ke1 Rxe3+ 0-1

[Event "December 5 Late 2023"]
[Site "https://www.chess.com"]
[Date "2023.12.05"]
[Round "9"]
[White "Clarke, Matthew"]
[Black "Estevez Polanco, Leonardo Rafael"]
[Result "0-1"]
[Board "109"]
[TimeControl "180+1"]
[WhiteFideId "3227804"]
[BlackFideId "6402798"]
[WhiteElo "2235"]
[BlackElo "2150"]
[WhiteTeam "AUS"]
[BlackTeam "DOM"]
[WhiteClock "0:00:26"]
[BlackClock "0:00:40"]

1. c4 Nf6 2. Nc3 e6 3. g3 Be7 4. Bg2 O-O 5. Nf3 c6 6. O-O d5 7. d3 dxc4 8. dxc4 Qxd1 9. Rxd1 Nbd7 10. b3 Bb4 11. Bb2 Nb6 12. Ne5 Nbd7 13. Nd3 Be7 14. e4 Re8 15. f4 Nc5 16. Nf2 e5 17. fxe5 Ng4 18. Ne2 Ne3 19. Rd2 Nxg2 20. Kxg2 Bg5 21. Nf4 Nd7 22. Rad1 Nf8 23. h4 Be7 24. N2d3 Ne6 25. Ne2 Nc5 26. Nxc5 Bxc5 27. Rd8 Bh3+ 0-1

[Event "December 5 Late 2023"]
[Site "https://www.chess.com"]
[Date "2023.12.05"]
[Round "9"]
[White "Floresvillar Gonzalez, Luis Migu"]
[Black "Novikova, Margarita"]
[Result "1-0"]
[Board "110"]
[TimeControl "180+1"]
[WhiteFideId "5100542"]
[BlackFideId "14109689"]
[WhiteElo "2205"]
[BlackElo "2124"]
[WhiteTeam "MEX"]
[BlackTeam "GER"]
[WhiteClock "0:00:53"]
[BlackClock "0:00:35"]

1. d4 e5 2. dxe5 Nc6 3. Nf3 Qe7 4. c3 Nxe5 5. Nxe5 Qxe5 6. Nd2 Nf6 7. Nf3 Qh5 8. Bf4 d5 9. e3 c6 10. Be2 Qf5 11. Qb3 Be7 12. h3 O-O 13. Nd4 Qd7 14. g4 Ne8 15. Nf5 Bd8 16. O-O-O Bc7 17. Bg5 Bd8 18. h4 Qc7 19. Bf4 Qb6 20. Qc2 a5 21. Bd3 g6 22. Nh6+ Kg7 23. g5 c5 24. h5 Bc7 25. hxg6 fxg6 26. Bxc7 Qxc7 27. Bb5 Nd6 28. a4 Bd7 29. Rxd5 Bxb5 30. axb5 Nxb5 31. Rhd1 Rad8 32. c4 Rxd5 33. Rxd5 Qc6 34. cxb5 Qxd5 35. Qc3+ 1-0

[Event "December 5 Late 2023"]
[Site "https://www.chess.com"]
[Date "2023.12.05"]
[Round "9"]
[White "Joubert, Dantelle"]
[Black "Einarsson, Halldor Gretar"]
[Result "1-0"]
[Board "111"]
[TimeControl "180+1"]
[WhiteFideId "14310813"]
[BlackFideId "2300150"]
[WhiteElo "2146"]
[BlackElo "2205"]
[WhiteTeam "RSA"]
[BlackTeam "ISL"]
[WhiteClock "0:00:14"]
[BlackClock "0:00:00"]

1. d4 Nf6 2. c4 g6 3. Nc3 d5 4. Bg5 Ne4 5. Bf4 Nxc3 6. bxc3 Bg7 7. e3 c5 8. cxd5 cxd4 9. cxd4 Qxd5 10. Nf3 O-O 11. Be2 Nc6 12. O-O Qa5 13. Qe1 Qa3 14. Qc1 Qa5 15. Qb2 Re8 16. Rac1 e5 17. Rc5 Qb6 18. Rb5 Qd8 19. Nxe5 Nxe5 20. Bxe5 Bf8 21. Bf3 a6 22. Rb6 Qd7 23. Rc1 h5 24. h3 h4 25. Rc7 Qf5 26. Rf6 Qd3 27. Rfxf7 Be6 28. Rg7+ Bxg7 29. Rxg7+ Kh8 30. Rxb7+ Kg8 31. Rg7+ Kh8 32. Qb7 1-0